Map: 瑟拉斯废墟

Players

shengy - Winner!

  • Race: Zerg Zerg
  • League: Gold

TrueWarrior

  • Race: Protoss Protoss
  • League: Gold

VOD

Have the link to the VOD?

Description

Time

  • Played on: Dec. 11, 2015, 1:54 a.m.
  • Length: 9:29
Show
View Real Time Build Order
Export as new Build Order

shengy Zerg - Winner!

Build Orders: Hatch First 

Get SALT Encoding   

  12  0:01  Drone  
  13  0:09  Drone  
  14  0:17  Overlord  
  15  0:35  Drone x3  
  17  0:46  Drone  
  18  1:03  Drone  
  19  1:04  Hatchery  
  19  1:11  Drone  
  19  1:17  Spawning Pool  
  18  1:21  Drone  
  19  1:34  Drone  
  20  1:40  Overlord  
  20  1:51  Drone  
  21  2:07  Drone  
  22  2:08  Queen  
  22  2:14  Hatchery  
  23  2:17  Zergling x2  
  23  2:18  Zergling x2  
  23  2:21  Queen  
  27  2:29  Drone  
  28  2:33  Extractor  
  27  2:39  Drone x3  
  30  2:52  Drone x2  
  32  3:00  Queen  
  34  3:06  Drone x2  
  34  3:07  Drone, Extractor  
  34  3:10  Overlord  
  36  3:18  Overlord  
  36  3:19  Overlord  
  36  3:29  Queen  
  36  3:33  Drone x3  
  41  3:34  Drone x2  
  41  3:35  Drone  
  43  3:46  Drone  
  44  3:49  Roach Warren  
  44  3:50  Drone x2  
  44  3:53  Drone x2  
  47  3:59  Overlord  
  47  4:02  Drone x2  
  49  4:15  Lair  
  49  4:16  Metabolic Boost  
  49  4:19  Drone x3  
  49  4:20  Evolution Chamber  
  49  4:21  Drone x2  
  53  4:25  Extractor  
  52  4:31  Drone x2  
  52  4:32  Extractor  
  53  4:41  Hatchery  
  53  4:43  Roach  
  53  4:44  Roach x2  
  57  4:54  Overlord  
  57  4:57  Roach x3  
  57  4:58  Roach  
  65  5:10  Overlord x2  
  65  5:16  Roach x4  
  73  5:30  Overlord x2  
  73  5:40  Zerg Missile Weapons Level 1  
  73  5:41  Glial Reconstitution  
  73  5:44  Overlord  
  73  5:47  Zergling x2  
  74  6:02  Hydralisk Den, Drone x7  
  80  6:13  Roach  
  80  6:14  Roach  
  80  6:15  Roach x9  
  102  6:28  Drone  
  103  6:34  Overlord  
  103  6:36  Overlord  
  101  6:50  Roach x5  
  101  6:51  Roach x4  
  119  6:58  Burrow  
  119  7:00  Tunneling Claws  
  119  7:03  Overlord  
  119  7:08  Drone x6  
  117  7:28  Roach  
  117  7:29  Roach x2  
  121  7:30  Roach x9  
  121  7:31  Roach  
  133  7:43  Ravager x3  
  109  8:13  Roach  
  109  8:14  Roach x2  
  109  8:15  Roach x10  
  109  8:16  Roach  
  137  8:47  Ravager x2  
  137  8:49  Ravager  
  137  8:53  Extractor  
  137  8:55  Hatchery  
  136  8:57  Extractor, Roach x11  
  136  9:00  Overlord x3  
  133  9:03  Extractor  
  133  9:05  Hatchery  
  133  9:09  Extractor  
Show
View Real Time Build Order
Export as new Build Order

TrueWarrior Protoss 

Build Orders: Nexus First 

Get SALT Encoding   

  12  0:01  Probe (Chrono Boost)  
  13  0:12  Probe (Chrono Boost)  
  14  0:25  Pylon, Probe (Chrono Boost)  
  15  0:43  Probe (Chrono Boost)  
  16  0:58  Nexus  
  16  1:12  Probe (Chrono Boost)  
  16  1:15  Gateway  
  17  1:24  Assimilator  
  17  1:30  Probe (Chrono Boost)  
  18  1:40  Probe (Chrono Boost)  
  19  1:51  Probe (Chrono Boost)  
  19  1:53  Assimilator  
  20  2:01  Pylon, Probe (Chrono Boost)  
  20  2:03  Cybernetics Core  
  21  2:12  Probe (Chrono Boost)  
  22  2:18  Assimilator  
  22  2:25  Probe x2 (Chrono Boost)  
  24  2:36  Probe (Chrono Boost)  
  25  2:38  Probe (Chrono Boost)  
  26  2:44  Warp Gate (Chrono Boost)  
  26  2:45  Stalker  
  27  2:52  Probe  
  28  3:07  Nexus  
  28  3:15  Mothership Core  
  30  3:25  Pylon  
  30  3:28  Stalker  
  32  3:39  Pylon  
  32  3:44  Probe  
  32  3:46  Probe  
  34  3:51  Pylon  
  34  3:54  Probe  
  34  4:01  Robotics Facility  
  36  4:02  Probe  
  36  4:05  Probe  
  37  4:11  Gateway  
  37  4:15  Probe  
  38  4:20  Gateway  
  38  4:25  Probe  
  38  4:27  Probe x2  
  41  4:36  Probe  
  41  4:37  Probe  
  43  4:46  Stalker  
  43  4:47  Probe x2  
  43  4:48  Probe  
  48  4:59  Probe  
  49  5:07  Immortal  
  49  5:09  Probe  
  49  5:10  Probe  
  49  5:11  Probe  
  56  5:19  Assimilator  
  56  5:20  Probe x2, Stalker  
  58  5:21  Sentry  
  62  5:30  Gateway  
  62  5:35  Zealot  
  62  5:38  Probe x2  
  62  5:40  Probe  
  62  5:42  Assimilator  
  67  5:48  Probe  
  67  5:49  Probe, Stalker  
  69  5:50  Zealot  
  69  5:52  Probe  
  74  5:58  Zealot  
  74  5:59  Probe x2  
  79  6:04  Probe  
  79  6:05  Observer  
  79  6:09  Probe  
  81  6:12  Stalker  
  81  6:13  Probe  
  81  6:16  Probe  
  85  6:22  Assimilator  
  85  6:28  Pylon  
  85  6:29  Pylon, Robotics Bay  
  85  6:32  Pylon  
  85  6:44  Pylon, Probe x2  
  85  6:46  Probe  
  86  6:48  Forge x2  
  86  6:49  Pylon  
  86  6:55  Probe  
  86  6:57  Immortal  
  91  7:03  Gateway  
  91  7:04  Stalker  
  91  7:05  Gateway, Sentry, Stalker  
  91  7:06  Sentry  
  77  7:31  Zealot x3  
  75  7:38  Zealot  
  73  7:50  Pylon  
  64  8:00  Zealot  
  64  8:01  Zealot x2  
  64  8:03  Zealot x2  
  64  8:04  Immortal (Chrono Boost)  
  72  8:07  Mothership Core  
  64  8:25  Stalker  
  64  8:26  Stalker  
  66  8:28  Stalker x3  
  66  8:29  Stalker  
  73  8:51  Sentry  
  73  8:52  Sentry  
  73  8:55  Pylon  
  77  8:58  Pylon  
Tags
 
Add a new tag
Caveats
  • Supply blocks, unpowered buildings, or Contaminate may cause inaccurate times.
  • Supply counts are checked every 10 seconds.